 Dungeon Crawl Stone Soup version 0.28-a0-1190-g77e1c55843 (webtiles) character file.

Game seed: 7112948436994149196

196 SmokeWeed the Sneak (level 5, 0/26 HPs)
             Began as a Spriggan Brigand on Dec 19, 2021.
             Slain by Robin (6 damage)
             ... on level 2 of the Dungeon.
             The game lasted 00:05:01 (1826 turns).

SmokeWeed the Sneak (Spriggan Brigand)              Turns: 1826, Time: 00:05:01

Health: 0/26       AC:  3    Str:  7    XL:     5   Next: 46%
Magic:  6/6        EV: 17    Int: 12    God:
Gold:   113        SH:  0    Dex: 19    Spells: 4/4 levels left

rFire   . . .      SeeInvis +   o - +2 dagger (elec)
rCold   . . .      Faith    .   (shield restricted)
rNeg    . . .      Spirit   .   b - +0 robe
rPois   .          Reflect  .   (helmet restricted)
rElec   .          Harm     .   c - +0 cloak
rCorr   .          Rampage  .   (gloves unavailable)
Will    .....                   (boots unavailable)
Stlth   ++++......              (no amulet)
HPRegen 0.08/turn               (no ring)
MPRegen 0.10/turn               (no ring)

@: very quick
A: very small, no large weapons, unfitting armour, see invisible, speed 3
a: no special abilities


You were on level 2 of the Dungeon.
You visited 1 branch of the dungeon, and saw 2 of its levels.

You collected 113 gold pieces.

Inventory:

Hand Weapons
 a - a +2 dagger
 j - a +2 trident of flaming
 o - a +2 dagger of electrocution (weapon)
Missiles
 l - 24 bolts
Armour
 b - a +0 robe (worn)
 c - a +0 cloak (worn)
Jewellery
 n - a ring of fire
Wands
 s - a wand of paralysis (3)
Scrolls
 g - a scroll of silence {unknown}
 k - 3 scrolls of identify {unknown}
 m - a scroll of enchant armour {unknown}
 q - a scroll of vulnerability {unknown}
Potions
 f - a potion of haste {unknown}
 h - a potion of cancellation {unknown}
 i - a potion of attraction {unknown}
 p - a potion of berserk rage {unknown}
 r - a potion of curing {unknown}


   Skills:
 * Level 2.0 Fighting
 + Level 3.6 Short Blades
 + Level 3.1 Throwing
 * Level 2.5 Dodging
 + Level 7.7 Stealth


You had 4 spell levels left.
You didn't know any spells.
Your spell library was empty.

Dungeon Overview and Level Annotations

Branches:
Dungeon (2/15)

Altars:

Annotations:
D:2 Robin


Innate Abilities, Weirdness & Mutations

You are very small and have problems with some larger weapons.
You are too small for most types of armour.
You have supernaturally acute eyesight. (SInv)
You cover ground extremely quickly. (Speed+++)


Message History

The poisoned dart hits the goblin.
The goblin is poisoned.
Throw: dart (curare)
Press: ? - help, Q - select action, (/) - cycle Shift-Dir - straight line, f/p - goblin
Aim: a goblin, wielding a +0 club (strong, 55% to hit)
You throw a curare-tipped dart. The curare-tipped dart hits the goblin.
The goblin is poisoned.
The goblin convulses.
You kill the goblin!
Unknown command.
Unknown command.
You hit the hobgoblin.
The hobgoblin is severely wounded.
The hobgoblin closely misses you.
You hit the hobgoblin but do no damage.
Lightning courses through the hobgoblin!!
You kill the hobgoblin!
Unknown command.
You barely miss the goblin.
The goblin is moderately wounded.
The goblin barely misses you.
Robin drinks a potion.
Robin seems to grow stronger.
You hit the goblin.
You kill the goblin!
Your Fighting skill increases to level 2!
Robin misses you. Robin hits you with a +0 spear!
Items here: ( )) †.
You hit Robin.
Robin is lightly wounded.
Robin misses you.
You hit Robin but do no damage.
Robin is lightly wounded.
Robin hits you with a +0 spear.
* * * LOW HITPOINT WARNING * * *
You hit Robin.
Robin is lightly wounded.
You barely miss Robin.
Robin is lightly wounded.
Robin hits you with a +0 spear.
You die...

....# #.# #.#.# #)#
#.#.### #.# #.#<..#
#.# ......# #.#
#.#...# #.# #.##.##
##### #.#
#.##.#######...####.#
..##.#.....().(g@..(#
####.#..[......######
#.#........##
#.#........#
#.#.......##
#.#........
#.#.......##
####.#########
...........#


You could see Robin (strong).

Vanquished Creatures
  Sigmund (D:2)
  A worm (D:2)
  A dart slug (D:1)
  2 ball pythons
  5 bats
  5 endoplasms
  A giant cockroach (D:2)
  8 goblins
  4 hobgoblins
  3 jackals (D:1)
  4 frilled lizards
  5 kobolds (D:1)
  2 rats
42 creatures vanquished.

Vanquished Creatures (others)
  A giant cockroach (D:1)
1 creature vanquished.

Grand Total: 43 creatures vanquished

Notes
Turn   | Place    | Note
-------+----------+-------------------------------------------
     0 | D:1      | SmokeWeed the Spriggan Brigand began the quest for the Orb.
     0 | D:1      | Reached XP level 1. HP: 10/10 MP: 2/2
    99 | D:1      | Reached skill level 6 in Stealth
   387 | D:1      | Reached XP level 2. HP: 12/14 MP: 3/3
   961 | D:1      | Reached XP level 3. HP: 11/18 MP: 4/4
  1262 | D:1      | Found a faded altar of an unknown god.
  1316 | D:2      | Noticed Sigmund
  1317 | D:2      | Killed Sigmund
  1318 | D:2      | Reached skill level 7 in Stealth
  1318 | D:2      | Reached XP level 4. HP: 23/23 MP: 5/5
  1318 | D:2      | Reached XP level 5. HP: 26/26 MP: 6/6
  1805 | D:2      | Noticed Robin
  1826 | D:2      | Slain by Robin

Illustrated notes

Levels and vault maps discovered:
D:1:      sevenhm_arrival_forest_fort_large_2, layout_rooms,
          dreamdust_ecumenical_altar_angels_and_demons, kennysheep_small_spiral
D:2:      layout_loops_ring, minmay_misc_feat_rows, grunt_decor_clamped,
          uniq_sigmund, uniq_robin

Skill      XL: |  1  2  3  4  5 |
---------------+----------------+-----
Stealth        | 6 7 |  7.7
Short Blades   | 3 |  3.6
Throwing       | 3 |  3.1
Dodging        | 2 |  2.5
Fighting       | 2 |  2.0

Action                   |  1- 3 |  4- 6 || total
-------------------------+-------+-------++-------
Melee: Dagger            |    81 |    41 ||   122
Throw: Dart              |    21 |     7 ||    28
 Stab: Sleeping          |     8 |     4 ||    12
Armor: Robe              |    20 |     5 ||    25
Dodge: Dodged            |    65 |    13 ||    78

Table legend: (Time is in decaauts)
 A = Elapsed time spent in this place.
 B = Non-inter-level travel time spent in this place.
 C = Inter-level travel time spent in this place.
 D = Time resting spent in this place.
 E = Time spent auto-exploring this place.
 F = Levels seen in this place.
 G = Mean time per level.
                   A        B        C        D        E       F      G
               +--------+--------+--------+--------+--------+-----+--------+
         Total |   1413 |   1376 |     37 |    277 |    784 |   2 |  706.5 |
       Dungeon |   1413 |   1376 |     37 |    277 |    784 |   2 |  706.5 |
               +--------+--------+--------+--------+--------+-----+--------+

Top non-repeatable levels by time:
     D:1: 1039 daAuts
     D:2: 373 daAuts
